Map: Backwater LE

Players

Probe

  • Race: Protoss Protoss
  • Spawn Location: 11:00

Bly - Winner!

  • Race: Zerg Zerg
  • Spawn Location: 5:00

Event: IEM Season 12 - PyeongChang

VOD

Have the link to the VOD?

Description

Time

  • Played on: Feb. 5, 2018, 3:13 a.m.
  • Length: 11:26

All games in this series

Show
View Real Time Build Order
Export as new Build Order

Probe Protoss 

Build Orders: 1 Gate Expand, Phoenix Opening 

Get SALT Encoding   

  12  0:00  Probe  
  13  0:12  Probe  
  14  0:18  Pylon  
  14  0:24  Probe  
  15  0:36  Probe (Chrono Boost)  
  15  0:38  Gateway  
  16  0:48  Assimilator, Probe (Chrono Boost)  
  17  0:53  Probe (Chrono Boost)  
  18  1:03  Probe  
  19  1:15  Probe  
  20  1:25  Nexus  
  20  1:35  Cybernetics Core  
  20  1:38  Probe  
  21  1:43  Assimilator  
  21  1:50  Probe  
  21  1:52  Pylon  
  22  2:02  Probe  
  23  2:10  Probe, Adept (Chrono Boost)  
  23  2:11  Warp Gate  
  26  2:18  Probe  
  27  2:28  Adept  
  27  2:34  Probe  
  27  2:37  Stargate, Probe  
  30  2:47  Probe  
  30  2:49  Probe  
  32  2:55  Adept  
  32  2:56  Pylon  
  34  2:59  Probe  
  34  3:01  Probe  
  36  3:11  Probe  
  37  3:13  Probe  
  37  3:19  Phoenix (Chrono Boost)  
  38  3:21  Gateway  
  38  3:23  Probe  
  41  3:30  Probe  
  42  3:37  Probe, Phoenix (Chrono Boost)  
  45  3:43  Pylon, Probe  
  45  3:46  Assimilator  
  45  3:47  Assimilator  
  46  3:49  Probe  
  46  3:55  Probe, Phoenix (Chrono Boost)  
  48  4:01  Probe  
  50  4:07  Probe  
  46  4:14  Probe  
  46  4:17  Phoenix  
  46  4:19  Probe  
  49  4:26  Probe (Chrono Boost)  
  49  4:29  Adept x2  
  55  4:31  Probe (Chrono Boost)  
  55  4:38  Probe (Chrono Boost)  
  55  4:42  Phoenix  
  55  4:43  Probe (Chrono Boost)  
  58  4:46  Probe (Chrono Boost)  
  58  4:48  Pylon  
  59  4:58  Nexus  
  60  5:00  Probe (Chrono Boost)  
  60  5:03  Probe (Chrono Boost)  
  61  5:11  Robotics Facility  
  61  5:12  Probe (Chrono Boost)  
  63  5:15  Probe (Chrono Boost)  
  63  5:21  Probe (Chrono Boost)  
  64  5:22  Phoenix  
  64  5:23  Probe (Chrono Boost)  
  64  5:26  Probe  
  68  5:32  Probe  
  69  5:38  Probe  
  69  5:40  Pylon  
  69  5:41  Pylon  
  70  5:43  Pylon  
  70  5:52  Forge  
  70  5:58  Probe x2 (Chrono Boost)  
  70  6:00  Sentry, Robotics Bay, Observer (Chrono Boost)  
  75  6:09  Probe (Chrono Boost)  
  78  6:16  Probe x2 (Chrono Boost)  
  78  6:18  Immortal (Chrono Boost)  
  79  6:19  Probe (Chrono Boost)  
  79  6:20  Pylon  
  79  6:21  Protoss Ground Weapons Level 1 (Chrono Boost)  
  79  6:23  Probe x2 (Chrono Boost)  
  79  6:24  Probe (Chrono Boost)  
  86  6:34  Probe x2  
  86  6:36  Gateway, Probe  
  89  6:44  Gateway  
  89  6:47  Gateway, Probe x2  
  91  6:50  Colossus (Chrono Boost)  
  91  6:53  Extended Thermal Lance  
  97  6:54  Probe  
  97  6:59  Probe x2  
  100  7:06  Probe  
  101  7:09  Assimilator  
  101  7:10  Assimilator, Pylon  
  101  7:11  Pylon  
  101  7:14  Shield Battery  
  101  7:18  Twilight Council  
  101  7:24  Probe  
  101  7:29  Colossus (Chrono Boost)  
  108  7:37  Shield Battery  
  108  7:40  Pylon  
  108  7:42  Pylon, Adept x3  
  110  7:51  Cybernetics Core  
  110  7:54  Adept  
  112  8:05  Templar Archives  
  112  8:06  Charge  
  112  8:09  Gateway  
  112  8:11  Zealot x4  
  112  8:12  Immortal (Chrono Boost)  
  120  8:13  Pylon  
  120  8:14  Pylon  
  120  8:19  Probe  
  125  8:30  Probe  
  125  8:32  Photon Cannon, Robotics Facility  
  126  8:37  Stalker  
  126  8:41  Zealot x4  
  128  8:44  Psionic Storm  
  128  8:47  Protoss Ground Weapons Level 2 (Chrono Boost)  
  134  8:51  Gateway  
  134  8:53  Nexus  
  134  8:56  Pylon  
  134  8:57  Pylon, Immortal  
  138  9:06  High Templar x3  
  144  9:15  Photon Cannon  
  144  9:17  Photon Cannon  
  144  9:20  Assimilator  
  144  9:22  High Templar  
  146  9:24  Assimilator  
  146  9:26  Shield Battery  
  146  9:28  Shield Battery  
  146  9:29  Shield Battery  
  146  9:31  Photon Cannon  
  146  9:34  Pylon  
  146  9:35  High Templar x2  
  150  9:43  Immortal  
  154  9:46  Archon  
  154  9:52  Stalker x3  
  150  9:56  Stalker  
  150  9:59  Stalker  
  148  10:13  Immortal  
  152  10:19  Zealot  
  152  10:21  Zealot  
  156  10:22  Immortal  
  156  10:28  Stalker x3  
  164  10:34  High Templar  
  164  10:35  High Templar  
  168  10:41  Zealot, Archon  
  168  10:42  Zealot  
  172  10:47  Nexus  
  168  11:02  Zealot x5  
  134  11:13  High Templar  
  124  11:21  High Templar  
Show
View Real Time Build Order
Export as new Build Order

Bly Zerg - Winner!

Build Orders: Hatch First, Lurkers 

Get SALT Encoding   

  12  0:02  Drone  
  13  0:13  Overlord  
  13  0:17  Drone  
  14  0:31  Drone x2  
  14  0:35  Drone  
  17  0:52  Hatchery  
  17  0:55  Drone  
  17  0:58  Drone  
  17  1:00  Extractor  
  17  1:14  Spawning Pool  
  17  1:17  Drone  
  17  1:19  Drone  
  18  1:28  Drone  
  19  1:39  Overlord  
  19  1:50  Drone  
  20  2:00  Queen  
  22  2:02  Metabolic Boost, Zergling x2  
  22  2:05  Queen  
  25  2:10  Drone  
  26  2:18  Drone x2  
  28  2:30  Drone x2  
  30  2:42  Evolution Chamber  
  30  2:43  Hatchery  
  28  2:48  Drone  
  28  2:49  Drone, Zergling x2  
  28  2:51  Zergling x2  
  32  2:58  Zergling x2  
  33  2:59  Overlord  
  33  3:17  Drone  
  33  3:18  Drone x4  
  38  3:29  Queen, Drone x2  
  42  3:35  Overlord  
  42  3:47  Drone x2  
  42  3:48  Overlord  
  44  3:49  Overlord  
  44  3:50  Lair  
  44  3:57  Overlord  
  44  4:01  Drone x5  
  44  4:02  Drone  
  50  4:08  Drone x2  
  50  4:10  Queen  
  52  4:17  Overlord  
  52  4:18  Queen  
  52  4:21  Drone  
  52  4:23  Overlord  
  55  4:27  Drone x2  
  57  4:32  Zergling x8  
  59  4:41  Spore Crawler  
  59  4:43  Spore Crawler x2  
  56  4:47  Zergling x10  
  61  4:53  Extractor, Drone x2, Hydralisk Den  
  61  4:54  Extractor  
  61  4:56  Extractor  
  61  4:59  Drone x3  
  63  5:00  Drone  
  63  5:03  Drone x2  
  65  5:10  Drone  
  65  5:11  Drone x3  
  65  5:12  Drone  
  65  5:13  Zerg Missile Weapons Level 1  
  70  5:15  Drone  
  70  5:25  Drone  
  70  5:26  Drone x5  
  76  5:37  Drone x2  
  76  5:38  Muscular Augments, Drone  
  76  5:40  Extractor  
  77  5:45  Overlord, Extractor  
  76  5:52  Overlord x2  
  76  5:53  Hatchery  
  75  5:59  Overlord  
  75  6:06  Overlord  
  75  6:13  Drone x4  
  75  6:14  Drone x2  
  81  6:28  Drone x3  
  81  6:40  Hydralisk x11  
  103  6:48  Drone, Hydralisk  
  103  6:50  Overlord x2  
  103  6:54  Overseer  
  103  7:05  Overlord  
  103  7:06  Overlord  
  103  7:08  Overlord, Zerg Missile Weapons Level 2  
  103  7:11  Drone x3  
  103  7:13  Lurker Den  
  103  7:14  Drone  
  103  7:15  Drone x4  
  110  7:21  Drone  
  109  7:22  Drone  
  109  7:23  Drone  
  108  7:33  Drone x3  
  108  7:34  Drone x5, Spire  
  110  7:59  Spore Crawler  
  110  8:00  Drone x11  
  110  8:01  Extractor  
  110  8:02  Extractor  
  110  8:04  Overseer  
  118  8:05  Overlord  
  118  8:10  Hatchery  
  117  8:12  Overlord  
  117  8:13  Overlord  
  117  8:19  Drone x6  
  121  8:49  Corruptor x7  
  121  8:50  Corruptor x8  
  150  9:02  Zerg Flyer Weapons Level 1  
  150  9:05  Lurker x2  
  150  9:06  Zergling x12  
  158  9:15  Spine Crawler  
  158  9:16  Spine Crawler  
  156  9:19  Zergling x12  
  156  9:23  Overlord  
  161  9:25  Zerg Melee Weapons Level 1  
  161  9:29  Lurker x4  
  161  9:31  Zergling x12  
  170  9:41  Overlord  
  168  9:58  Hydralisk x6  
  180  10:16  Lurker x5  
  179  10:55  Hydralisk  
  179  10:56  Hydralisk x7  
  190  11:12  Infestation Pit  

Tags
 
Add a new tag
Caveats
  • Supply blocks, unpowered buildings, or Contaminate may cause inaccurate times.
  • Supply counts are checked every 10 seconds.